 Dungeon Crawl Stone Soup version 0.24.0-124-g2791043dd8 (webtiles) character file.

Game seed: 8014010227681625111, levelgen mode: deterministic

21 Descartes the Scratcher (level 2, -2/12 HPs)
             Began as a Felid Transmuter on Feb 16, 2020.
             Slain by a hobgoblin (4 damage)
             ... on level 2 of the Dungeon.
             The game lasted 00:01:05 (690 turns).

Descartes the Scratcher (Felid Transmuter)           Turns: 690, Time: 00:01:05

Health: -2/12      AC:  1    Str:  6    XL:     2   Next: 65%
Magic:  6/6        EV: 18    Int: 14    God:
Gold:   76         SH:  0    Dex: 16    Spells: 4/5 levels left
                                        Lives:  0   Deaths: 0

rFire    . . .     SeeInvis +     - Unarmed
rCold    . . .     Gourm    .   (shield unavailable)
rNeg     . . .     Faith    .   (armour unavailable)
rPois    .         Spirit   .   (helmet unavailable)
rElec    .         Reflect  .   (cloak unavailable)
rCorr    .         Harm     .   (gloves unavailable)
MR       .....                  (boots unavailable)
Stlth    ++........             (no amulet)
HPRegen  0.04/turn              (no ring)
MPRegen  0.10/turn              (no ring)

@: quick
A: very small, no armour, no weapons or thrown items, stealth, claws 1, fangs 3,
see invisible, carnivore, speed 1, shaggy fur 1, slow metabolism 1, sharp paws
a: no special abilities


You were on level 2 of the Dungeon.
You were completely stuffed.

You visited 1 branch of the dungeon, and saw 2 of its levels.

You collected 76 gold pieces.

Inventory:

Missiles
 a - 12 arrows
Scrolls
 b - 4 scrolls of teleportation {unknown}
 d - a scroll of fear {unknown}
 f - a scroll of remove curse {unknown}
Potions
 e - a potion of heal wounds {unknown}
Comestibles
 c - 2 rations


   Skills:
 + Level 1.2 Fighting
 + Level 3.0 Dodging
 + Level 1.1 Stealth
 * Level 3.3 Unarmed Combat
 + Level 2.1 Spellcasting
 + Level 2.5 Transmutations


You had 4 spell levels left.
You knew the following spells:

 Your Spells              Type           Power        Failure   Level  Hunger
a - Beastly Appendage     Tmut           #.....       9%          1    ##.....

Your spell library contained the following spells:

 Spells                   Type           Power        Failure   Level  Hunger
 Sticks to Snakes         Tmut           #.......     13%         2    ###....
 Spider Form              Tmut/Pois      #.........   38%         3    ####...
 Ice Form                 Ice/Tmut       #.......     80%         4    #####..
 Blade Hands              Tmut           #.........   93%         5    ######.


Dungeon Overview and Level Annotations

Branches:
Dungeon (2/15)

Altars:


Innate Abilities, Weirdness & Mutations

You cannot wear armour.
You are incapable of wielding weapons or throwing items.
Your paws allow you to move quietly. (Stealth)
You have sharp claws.
You have razor-sharp teeth.
You have supernaturally acute eyesight. (SInv)
You are carnivorous and can eat meat at any time.
You cover ground quickly.
You are covered in fur. (AC +1)
You have a slow metabolism.
Your sharp claws are effective at attacking unaware monsters.


Message History

You barely miss the hobgoblin.
The hobgoblin is heavily wounded.
The rat barely misses you. The hobgoblin misses you.
You scratch the hobgoblin.
The hobgoblin is almost dead.
The rat closely misses you. The hobgoblin hits you.
* * * LOW HITPOINT WARNING * * *
You barely miss the hobgoblin.
The hobgoblin is almost dead.
The rat bites you.
* * * LOW HITPOINT WARNING * * *
The hobgoblin closely misses you.
You scratch the hobgoblin but do no damage.
Your claw misses the hobgoblin.
The hobgoblin is almost dead.
The rat closely misses you. The hobgoblin completely misses you.
You barely miss the hobgoblin.
The hobgoblin is almost dead.
The rat misses you. The hobgoblin hits you.
You die...

..... . ....##. ###.
...... #. .... ## ....
... .... ####. #..#
..##. .#..#
....####.(##?.....
......##..............#.
...# ...........##.....$
...# #........@..##..
##.# #..(.....rg## <#
####.##.....# #.#
#..###........
##.#######.####....##..
##.#................. ..
...>........###.##...g .
............# #.# .....
#.#.........# #.# ..#..


You could see a hobgoblin and a rat.

Vanquished Creatures
  2 dart slugs (D:1)
  2 giant cockroaches (D:1)
  2 goblins
  3 hobgoblins (D:1)
  2 bats (D:1)
  A frilled lizard (D:2)
  3 kobolds
  2 rats (D:1)
17 creatures vanquished.

Notes
Turn   | Place    | Note
-------+----------+-------------------------------------------
     0 | D:1      | Descartes the Felid Transmuter began the quest for the Orb.
     0 | D:1      | Reached XP level 1. HP: 9/9 MP: 4/4
   231 | D:1      | Reached XP level 2. HP: 12/12 MP: 6/6
   671 | D:2      | Reached skill level 1 in Stealth
   690 | D:2      | Slain by a hobgoblin

Levels and vault maps discovered:
D:1:      dpeg_arrival_shrine, layout_basic
D:2:      layout_rooms, uniq_sigmund, uniq_terence

Skill      XL: |  1  2 |
---------------+-------+-----
Dodging        | 3 |  3.0
Stealth        | 1 |  1.1
Fighting       | |  1.2
Unarmed Combat | |  3.3
Spellcasting   | |  2.1
Transmutations | |  2.5

Action                   || total
-------------------------++-------
Melee: Unarmed           ||    42
       Bite              ||     2
 Stab: Sleeping          ||     2
  Eat: Chunk             ||     7
Dodge: Dodged            ||    31
